 Dungeon Crawl Stone Soup version 0.21.1-1-g345015fe64 (webtiles) character file.

537 Fascinator the Slasher (level 7, -11/79 HPs)
             Began as a Demonspawn Fighter on July 16, 2018.
             Mangled by an orc warrior
             ... wielding a +0 halberd
              (14 damage)
             ... in the Ecumenical Temple.
             The game lasted 00:07:37 (3347 turns).

Fascinator the Slasher (Demonspawn Fighter)         Turns: 3347, Time: 00:07:38

Health: -11/79     AC: 23    Str: 16    XL:     7   Next: 5%
Magic:  7/7        EV:  2    Int: 15    God:
Gold:   131        SH:  9    Dex: 14    Spells: 6/6 levels left

rFire    + . .     SeeInvis .   a - +0 long sword
rCold    + . .     Gourm    .   c - +0 shield
rNeg     + + +     Faith    .   (armour currently unavailable)
rPois    +         Spirit   .   (helmet currently unavailable)
rElec    +         Reflect  .   (cloak currently unavailable)
rCorr    +         Harm     .   (gloves currently unavailable)
MR       .....     NoTele   +   (boots currently unavailable)
Stlth    +.........             (no amulet)
HPRegen  0.23/turn              (no ring)
MPRegen  0.10/turn              (no ring)

@: brilliant, tree-form, resistant, starving
A: powered by death 1
a: no special abilities


You were in the Ecumenical Temple.
You were starving.
You were a tree.
You visited 2 branches of the dungeon, and saw 5 of its levels.

You collected 131 gold pieces.

Inventory:

Hand Weapons
 a - a +0 long sword (weapon)
Armour
 b - a +0 scale mail (melded)
 c - a +0 shield (worn)
 o - a +0 cloak (melded)
Scrolls
 d - 2 scrolls of magic mapping
 e - a scroll of remove curse
 g - 4 scrolls of identify {unknown}
 k - 6 scrolls of teleportation {unknown}
 r - a scroll of random uselessness {unknown}
 t - a scroll of amnesia {unknown}
Potions
 h - a potion of degeneration {unknown}
 i - 2 potions of brilliance
 j - 3 potions of curing {unknown}
 l - a potion of mutation
 m - a potion of agility {unknown}
 n - a potion of ambrosia {unknown}
 p - a potion of lignification
 q - a potion of resistance
 s - a potion of flight {unknown}
Comestibles
 f - 7 rations


   Skills:
 + Level 3.9 Fighting
 * Level 5.3 Long Blades
 + Level 3.7 Armour
 + Level 1.0 Dodging
 + Level 3.7 Shields


You had 6 spell levels left.
You didn't know any spells.

Dungeon Overview and Level Annotations

Branches:
Dungeon (4/15)             Temple (1/1) D:4

Altars:
Dithmenos
Elyvilon
Hepliaklqana
Makhleb
Okawaru
Trog
Uskayaw
Vehumet
Wu Jian
Xom
Yredelemnul
Zin


Innate Abilities, Weirdness & Mutations

((You have a pair of horns on your head.))
You regenerate a little health from kills.
((You are partially covered in sharp spines.))
((When seriously injured, your bleeding wounds create armour. (AC +0)))
((You have a beak for a mouth.))


Message History

The orc warrior closely misses you.
It was a potion of lignification.
You turn into a tree.
Your +0 cloak melds into your body.
Your +0 scale mail melds into your body.
Your roots penetrate the ground.
Your blood armour dries and flakes away.
The orc warrior hits you with a halberd.
* * * LOW HITPOINT WARNING * * *
You closely miss the orc warrior.
The orc warrior is severely wounded.
The orc warrior hits you but does no damage.
You hit the orc warrior but do no damage.
The orc warrior is severely wounded.
You are starving!
The orc warrior hits you with a halberd.
* * * LOW HITPOINT WARNING * * *
You closely miss the orc warrior.
The orc warrior is severely wounded.
The orc warrior hits you with a halberd!
You die...

####### ######### #######
......### ###.......### ###......
_..._...###...⌠...⌠...###..._..._
.........#.............#.........
........###....(......###........
.._.............♣............._..
........###....o......###........
.........#.............#.........
_..._...###...⌠...⌠...###..._..._
......### ###.......### ###......
####### ######### #######


You could see an orc warrior.

Vanquished Creatures
  The ghost of Htamos the Magician, an amateur DEWz of Vehumet (D:4)
  An ogre (D:3)
  A crimson imp (D:4)
  A hound (D:4)
  2 orc wizards
  4 adders
  5 gnolls
  2 oozes
  2 worms (D:2)
  3 dart slugs
  2 leopard geckos
  7 orcs
  3 giant cockroaches
  5 goblins
  5 hobgoblins
  3 quokkas
  3 ball pythons
  6 bats
  7 frilled lizards
  16 kobolds
  11 rats
90 creatures vanquished.

Notes
Turn   | Place    | Note
-------+----------+-------------------------------------------
     0 | D:1      | Fascinator the Demonspawn Fighter began the quest for the Orb.
     0 | D:1      | Reached XP level 1. HP: 18/18 MP: 1/1
   198 | D:1      | Gained mutation: You have a pair of small horns on your head. [demonic ancestry]
   198 | D:1      | Reached XP level 2. HP: 21/24 MP: 2/2
   203 | D:1      | Reached skill level 2 in Long Blades
   470 | D:1      | Gained mutation: You are partially covered in sharp spines. [demonic ancestry]
   470 | D:1      | Reached XP level 3. HP: 29/29 MP: 3/3
   839 | D:2      | Found a burning altar of Makhleb.
  1302 | D:2      | Gained mutation: When seriously injured, your bleeding wounds create armour. (AC +0) [demonic ancestry]
  1302 | D:2      | Reached XP level 4. HP: 31/35 MP: 4/4
  1353 | D:2      | Reached skill level 3 in Long Blades
  1683 | D:3      | Gained mutation: You regenerate a little health from kills. [demonic ancestry]
  1683 | D:3      | Reached XP level 5. HP: 38/41 MP: 5/5
  1883 | D:3      | Reached skill level 4 in Long Blades
  2337 | D:4      | Noticed an orc warrior
  2337 | D:4      | Noticed an ogre
  2351 | D:3      | Killed an ogre
  2351 | D:3      | Reached XP level 6. HP: 17/47 MP: 6/6
  2582 | D:4      | Noticed Htamos's ghost (amateur DEWz)
  2728 | D:4      | Killed Htamos's ghost
  2728 | D:4      | Reached skill level 5 in Long Blades
  2728 | D:4      | Reached skill level 1 in Dodging
  2848 | D:4      | Found an iron altar of Okawaru.
  2968 | D:4      | Found a staircase to the Ecumenical Temple.
  3055 | Temple   | Entered the Ecumenical Temple
  3152 | Temple   | Reached XP level 7. HP: 18/53 MP: 7/7
  3342 | Temple   | Gained mutation: You have a pair of horns on your head. [potion of mutation]
  3342 | Temple   | Gained mutation: You have a beak for a mouth. [potion of mutation]
  3346 | Temple   | HP: 3/79 [orc warrior/halberd (3)]
  3347 | Temple   | Mangled by an orc warrior

Skill      XL: |  1  2  3  4  5  6 |
---------------+-------------------+-----
Shields        | 3 |  3.7
Long Blades    | 2 3 4 5 |  5.3
Armour         | 3 |  3.7
Dodging        | 1 |  1.0
Fighting       | |  3.9

Action                   |  1- 3 |  4- 6 |  7- 9 || total
-------------------------+-------+-------+-------++-------
Melee: Long sword        |   108 |   109 |    12 ||   229
       Headbutt          |     8 |    27 |     1 ||    36
  Use: Potion            |       |     1 |     4 ||     5
       Scroll            |       |     2 |       ||     2
  Eat: Chunk             |     1 |     5 |       ||     6
Armor: Scale mail        |    49 |    35 |     3 ||    87
       Skin              |       |       |     1 ||     1
Dodge: Dodged            |    21 |    32 |     2 ||    55
Block: Shield            |    56 |    56 |     5 ||   117
       Rpst.: Long sword |     7 |    11 |     1 ||    19
